 Dungeon Crawl Stone Soup version 0.30.0 (webtiles) character file.

Game seed: 11529596161800951668

86 Exaltedone87 the Covered (level 4, -4/60 HPs)
             Began as an Armataur Fighter on May 6, 2023.
             Slain by a river rat (5 damage)
             ... in a sewer.
             The game lasted 00:04:30 (1751 turns).

Exaltedone87 the Covered (Armataur Fighter)         Turns: 1751, Time: 00:04:31

Health: -4/60      AC:  7    Str: 24    XL:     4   Next: 27%
Magic:  0/4        EV:  7    Int:  8    God:
Gold:   109        SH:  4    Dex:  9    Spells: 3/3 levels left

rFire   . . .        a - +0 flail
rCold   . . .        c - +0 buckler
rNeg    . . .        b - +0 scale mail
rPois   .            (no helmet)
rElec   .            e - scarf {+Inv}
rCorr   .            (no gloves)
SInv    .            (no barding)
Will    .....        h - amulet of guardian spirit Stlth
                     (no ring)
HPRegen 0.30/turn    (no ring)
MPRegen 0.09/turn

%: guardian spirit, roll
@: berserking, very quick
A: large, rugged brown scales 3, deformed body, armoured tail, roll, long
tongue, awkward tongue
a: Evoke Invisibility


You were in a sewer.
You visited 1 branch of the dungeon, and saw 3 of its levels.
You also visited: Sewer.

You collected 109 gold pieces.

Inventory:

Hand Weapons
 a - a +0 flail (weapon)
Armour
 b - a +0 scale mail (worn)
 c - a +0 buckler (worn)
 e - a scarf of invisibility (worn)
Jewellery
 h - an amulet of guardian spirit (around neck)
Scrolls
 m - a scroll of magic mapping {unknown}
 o - a scroll of torment {unknown}
 p - a scroll of fear {unknown}
Potions
 d - a potion of might
 g - a potion of resistance {unknown}
 i - a potion of cancellation
 j - 2 potions of flight {unknown}
 k - 2 potions of ambrosia {unknown}
 l - a potion of magic {unknown}
 n - a potion of heal wounds {unknown}


   Skills:
 + Level 3.1 Fighting
 * Level 2.7 Maces & Flails
 + Level 4.2 Armour
 + Level 1.0 Dodging
 + Level 3.7 Shields


You had 3 spell levels left.
You didn't know any spells.
Your spell library contained the following spells:

 Spells                   Type           Power      Damage    Failure   Level
 Summon Small Mammal      Summ           0%         N/A       77%         1
 Call Canine Familiar     Summ           0%         N/A       98%         3
 Summon Guardian Golem    Hex/Summ       0%         N/A       98%         3


Dungeon Overview and Level Annotations

Branches:
Dungeon (3/15)              Sewer (1/1)

Altars:

Shops:
D:1 :   D:2 :


Innate Abilities, Weirdness & Mutations

You are completely covered in rugged brown scales. (AC +3, +7% HP)
Armour fits poorly on your strangely shaped body.
You have a long armoured tail.
You roll when moving toward enemies. (Rampage)
Your long tongue fully drains potion bottles. (2x potion effects)
Your tongue gives you trouble enunciating. (1.5x scroll delay)


Message History

The river rat bites you.
The river rat bites you but does no damage.
The river rat bites you! You block the river rat's attack.
Unknown command.
You barely miss the river rat.
Your tail-slap misses the river rat.
The river rat bites you. You block the river rat's attack.
You closely miss the river rat. The river rat closely misses you.
The river rat barely misses you.
Unknown command.
You barely miss the river rat. The river rat barely misses you.
The river rat bites you but does no damage.
You hit the river rat but do no damage.
The river rat bites you but does no damage.
You block the river rat's attack.
The river rat bites you but does no damage.
The river rat closely misses you.
You barely miss the river rat.
The rat twitches its whiskers.
The river rat barely misses you. You block the river rat's attack.
You barely miss the river rat.
The river rat bites you but does no damage.
You block the river rat's attack.
You closely miss the river rat.
The river rat bites you but does no damage.
The river rat bites you. x2
* * * LOW HITPOINT WARNING * * *
The river rat bites you.
* * * LOW HITPOINT WARNING * * *
Unknown command.
You hit the river rat but do no damage. The river rat closely misses you.
The river rat bites you!
* * * LOW HITPOINT WARNING * * *
Okay, then.
A red film seems to cover your vision as you go berserk!
You feel yourself moving faster!
You feel mighty!
You slurp down every last drop of the potion of berserk rage!
The river rat bites you.
* * * LOW HITPOINT WARNING * * *
The river rat bites you.
You die...

#≈~≈≈≈≈#
#≈≈~~≈≈
#~~~~≈≈#
#≈~~~≈≈
#~~~~~≈#
#≈≈~≈≈≈
#≈≈~~~~#
#~≈~~≈≈
#≈≈~≈≈~#
#~~#~≈≈
#≈≈~≈~~#
#~~≈≈≈≈
##~~.~≈#
#~≈≈≈≈≈
#≈.(.~.#
#.~#≈≈≈
##~@.~##
#~≈~≈≈≈
#~rrr≈≈#
#~~~≈≈≈
#~≈≈≈≈≈#
#~~#≈≈≈
#~~~~≈≈#
#≈≈~≈≈≈
#≈≈~~~≈#
#≈≈~~≈≈
#≈~~~~~#
#≈≈≈~≈≈
#...~~.#
#.~.~~.
#......#
#......
......##
##.....


You could see 2 river rats and a rat.

Vanquished Creatures
  2 adders (Sewer)
  A worm (D:2)
  A dart slug (D:1)
  An orc (D:3)
  2 bats
  7 endoplasms
  2 giant cockroaches
  4 goblins
  3 hobgoblins
  2 jackals (D:2)
  3 kobolds
  4 quokkas (D:1)
  9 ball pythons
  A frilled lizard (D:1)
  20 rats
62 creatures vanquished.

Notes
Turn   | Place    | Note
-------+----------+-------------------------------------------
     0 | D:1      | Exaltedone87 the Armataur Fighter began the quest for the
                  | Orb.
     0 | D:1      | Reached XP level 1. HP: 19/19 MP: 1/1
   101 | D:1      | Reached XP level 2. HP: 26/26 MP: 2/2
   231 | D:1      | Found Hiazeror's Book Emporium.
   579 | D:1      | Reached XP level 3. HP: 32/32 MP: 3/3
   715 | D:2      | Found Nayzirr's Book Shoppe.
   859 | D:2      | Reached skill level 4 in Armour
  1545 | D:3      | Found a glowing drain.
  1549 | Sewer    | Entered a sewer
  1632 | Sewer    | Reached XP level 4. HP: 36/40 MP: 4/4
  1734 | Sewer    | Reached skill level 1 in Dodging
  1750 | Sewer    | HP: 2/40 [river rat (6)]
  1751 | Sewer    | Slain by a river rat

Illustrated notes

Levels and vault maps discovered:
D:1:      eino_arrival_water_cross, layout_basic, serial_shops,
          nicolae_shop_crystal, hangedman_glass_teeth, kennysheep_crisscross,
          minmay_door_square, minmay_tiny_reverse_x
D:2:      layout_loops_ring, serial_shops, shop, kennysheep_donut
D:3:      layout_basic, shapermc_ecumenical_altar_flowoftime,
          gup_sewer_entry_bowl, nicolae_shop_vocational
Sewer:    sewer_minmay_w

Skill      XL: |  1  2  3  4 |
---------------+-------------+-----
Maces & Flails | 2 |  2.7
Armour         | 4 |  4.2
Fighting       | 3 |  3.1
Dodging        | 1 |  1.0
Shields        | |  3.7

Action                     |  1- 3 |  4- 6 || total
---------------------------+-------+-------++-------
  Melee: Flail             |   121 |    39 ||   160
         Tailslap          |     7 |     2 ||     9
    Use: Scroll            |     3 |       ||     3
         Potion            |       |     1 ||     1
 Armour: Scale mail        |    87 |    23 ||   110
  Dodge: Dodged            |    61 |    21 ||    82
  Block: Buckler           |    33 |    14 ||    47
